 Dungeon Crawl Stone Soup version 0.27.0-1-g7a089689b8 (webtiles) character file.

Game seed: 4851766343655846352

17 seveneves the Covered (level 2, 0/27 HPs)
             Began as a Minotaur Fighter on Aug 4, 2021.
             Frozen to death by an endoplasm (5 damage)
             ... on level 1 of the Dungeon.
             The game lasted 00:01:21 (417 turns).

seveneves the Covered (Minotaur Fighter)             Turns: 417, Time: 00:01:21

Health: 0/27       AC:  7    Str: 20    XL:     2   Next: 44%
Magic:  1/1        EV:  7    Int:  5    God:
Gold:   25         SH:  9    Dex:  9    Spells: 1/1 levels left

rFire    + . .     SeeInvis .   a - +0 long sword
rCold    . . .     Faith    .   c - +0 kite shield
rNeg     . . .     Spirit   .   b - +0 scale mail
rPois    .         Reflect  .   (helmet restricted)
rElec    .         Harm     .   (no cloak)
rCorr    .         Rampage  .   (no gloves)
Will     .....                  (no boots)
Stlth    ..........             (no amulet)
HPRegen  0.09/turn              e - ring of protection from fire
MPRegen  0.07/turn              (no ring)

@: no status effects
A: horns 2, retaliatory headbutt
a: no special abilities


You were on level 1 of the Dungeon.
You visited 1 branch of the dungeon, and saw 1 of its levels.

You collected 25 gold pieces.

Inventory:

Hand Weapons
 a - a +0 long sword (weapon)
Armour
 b - a +0 scale mail (worn)
 c - a +0 kite shield (worn)
Jewellery
 e - a ring of protection from fire (left hand)
Potions
 d - a potion of might
 f - a potion of cancellation {unknown}


   Skills:
 + Level 4.0 Fighting
 + Level 2.4 Long Blades
 + Level 4.1 Armour
 + Level 3.9 Shields


You had one spell level left.
You didn't know any spells.
Your spell library was empty.

Dungeon Overview and Level Annotations

Branches:
Dungeon (1/15)

Altars:


Innate Abilities, Weirdness & Mutations

You have a pair of horns on your head.
You reflexively headbutt those who attack you in melee.


Message History

You hit the kobold but do no damage.
The kobold is moderately wounded.
The frilled lizard bites you but does no damage.
You block the kobold's attack. You block the quokka's attack.
The frilled lizard barely misses you.
The kobold hits you with a +0 short sword.
The quokka bites you but does no damage.
The endoplasm freezes you.
You are frozen.
You hit the quokka.
The quokka is moderately wounded.
The quokka bites you. You block the frilled lizard's attack.
The kobold hits you but does no damage.
The endoplasm hits you but does no damage.
You barely miss the quokka. Your headbutt misses the quokka.
The quokka is moderately wounded.
The quokka bites you but does no damage.
The frilled lizard barely misses you.
The kobold hits you with a +0 short sword.
The endoplasm freezes you.
You are frozen.
The quokka bites you but does no damage.
The kobold hits you but does no damage.
The frilled lizard bites you but does no damage.
The endoplasm hits you but does no damage.
You are too injured to fight recklessly!
You slash the quokka!
You kill the quokka!
You block the frilled lizard's attack.
The kobold hits you with a +0 short sword.
* * * LOW HITPOINT WARNING * * *
The endoplasm hits you.
* * * LOW HITPOINT WARNING * * *
Your Fighting skill increases to level 4!
You hit the kobold.
You kill the kobold!
You block the frilled lizard's attack. The endoplasm freezes you.
You are frozen.
You die...

.# #.# .. ..## .###..#
# ..#..# #.###.#..#
.........# ......J)l#
.......@#####
.^..........##
.....####.#..# ######
#########.##.# ##...#
#.......#.##.#
##.#.#####.#####'#.##.#
...#...#...#...#...##.#
.#####.#.#.#.###.####.#
.# #....)#...#...#....#


You could see an endoplasm and a frilled lizard.

Vanquished Creatures
  A dart slug (D:1)
  2 giant cockroaches (D:1)
  A goblin (D:1)
  2 hobgoblins (D:1)
  2 quokkas (D:1)
  2 ball pythons (D:1)
  2 bats (D:1)
  A frilled lizard (D:1)
  2 kobolds (D:1)
  A rat (D:1)
16 creatures vanquished.

Notes
Turn   | Place    | Note
-------+----------+-------------------------------------------
     0 | D:1      | seveneves the Minotaur Fighter began the quest for the Orb.
     0 | D:1      | Reached XP level 1. HP: 19/19 MP: 0/0
   174 | D:1      | Reached XP level 2. HP: 26/27 MP: 1/1
   417 | D:1      | Frozen to death by an endoplasm

Illustrated notes

Levels and vault maps discovered:
D:1:      elethiomel_arrival_maze, layout_basic, hangedman_decor_riveting,
          minmay_misc_feat_roman, st_stairs_13

Skill      XL: |  1  2 |
---------------+-------+-----
Armour         | 4 |  4.1
Fighting       | 4 |  4.0
Long Blades    | |  2.4
Shields        | |  3.9

Action                   || total
-------------------------++-------
Melee: Long sword        ||    28
       Headbutt          ||     7
Armor: Scale mail        ||    24
Dodge: Dodged            ||     9
Block: Kite shield       ||    21
       Rpst.: Long sword ||     2
